Map: Dusty Gorge

Players

Thors

  • Race: Zerg Zerg
  • Spawn Location: 11:00

nightstar

  • Race: Terran Terran
  • League: Diamond
  • Spawn Location: 9:00

Massa - Winner!

  • Race: Terran Terran
  • League: Gold
  • Spawn Location: 5:00

qqq - Winner!

  • Race: Zerg Zerg
  • League: Platinum
  • Spawn Location: 3:00

VOD

Have the link to the VOD?

Description

Time

  • Played on: May 7, 2020, 3:49 p.m.
  • Length: 4:32
Show
View Real Time Build Order
Export as new Build Order

Thors Zerg 

Build Orders: Hatch First 

Get SALT Encoding   

  12  0:03  Drone  
  13  0:13  Overlord  
  13  0:18  Drone  
  14  0:31  Drone  
  14  0:32  Drone  
  17  0:35  Drone  
  17  0:46  Drone  
  18  1:00  Hatchery  
  17  1:04  Drone  
  17  1:07  Drone  
  17  1:09  Extractor  
  18  1:18  Drone  
  19  1:27  Spawning Pool  
  19  1:29  Drone  
  19  1:40  Drone  
  19  1:44  Extractor  
  19  1:50  Drone  
  20  2:04  Drone  
  21  2:11  Drone  
  21  2:12  Drone  
  21  2:13  Evolution Chamber  
  21  2:14  Queen  
  21  2:15  Queen  
  24  2:22  Overlord  
  26  2:27  Overlord  
  26  2:33  Drone  
  26  2:34  Drone  
  28  2:44  Drone x2  
  30  2:55  Drone x2  
  32  2:58  Queen  
  34  3:06  Drone x2  
  36  3:16  Drone x2  
  38  3:23  Drone  
  38  3:24  Drone  
  40  3:27  Roach Warren  
  40  3:31  Drone  
  40  3:32  Drone  
  42  3:34  Drone  
  42  3:37  Drone  
  42  3:39  Drone  
  44  3:56  Overlord x2  
  44  3:59  Overlord x2  
  44  4:04  Overlord  
  44  4:14  Zergling x4  
  44  4:15  Zergling x6  
Show
View Real Time Build Order
Export as new Build Order

nightstar Terran 

Build Orders:  

Get SALT Encoding   

  12  0:01  SCV  
  13  0:13  SCV  
  14  0:18  Supply Depot  
  14  0:25  SCV  
  15  0:37  Refinery  
  15  0:40  SCV  
  16  0:49  Barracks  
  16  0:52  SCV  
  17  1:04  SCV  
  18  1:16  SCV  
  19  1:36  Orbital Command  
  19  1:37  Marine  
  20  1:51  Command Center  
  20  2:03  Marine  
  20  2:04  Supply Depot  
  20  2:07  SCV  
  22  2:19  Factory  
  22  2:24  Marine  
  23  2:35  SCV  
  23  2:36  Refinery  
  24  2:44  Marine  
  24  2:47  SCV  
  24  2:48  Engineering Bay  
  26  2:59  SCV  
  26  3:02  Factory Tech Lab, Marine  
  26  3:04  Orbital Command  
  28  3:15  Starport  
  28  3:18  SCV  
  29  3:25  Siege Tank  
  32  3:30  SCV  
  32  3:32  SCV  
  34  3:34  Marine  
  35  3:42  SCV  
  36  3:52  Marine  
Show
View Real Time Build Order
Export as new Build Order

Massa Terran - Winner!

Build Orders:  

Get SALT Encoding   

  12  0:11  Supply Depot  
  12  0:13  SCV  
  13  0:25  SCV  
  14  0:35  Barracks  
  14  0:37  SCV  
  15  0:50  SCV, Supply Depot  
  16  1:02  SCV  
  17  1:11  Barracks  
  17  1:20  Barracks  
  17  1:28  SCV  
  18  1:33  Marine  
  19  1:40  SCV  
  19  1:43  Barracks  
  20  1:51  Marine  
  21  1:56  Refinery  
  21  1:58  Marine  
  22  2:08  Marine  
  23  2:09  Marine  
  24  2:15  Marine  
  25  2:25  Marine  
  25  2:27  Marine  
  27  2:30  Marine  
  27  2:33  Marine  
  29  2:37  Supply Depot  
  29  2:41  Supply Depot  
  29  2:43  Marine  
  30  2:45  Marine  
  31  2:59  Marine x2  
  31  3:01  Marine  
  31  3:02  Orbital Command  
  34  3:05  Marine  
  35  3:17  Marine x2  
  35  3:19  Marine  
  38  3:23  Marine  
  39  3:34  Marine x2  
  39  3:37  Marine  
  39  3:41  Marine  
  43  3:52  Marine x2  
  43  3:54  Marine  
  47  4:30  Supply Depot  
Show
View Real Time Build Order
Export as new Build Order

qqq Zerg - Winner!

Build Orders: Hatch First 

Get SALT Encoding   

  12  0:06  Drone  
  13  0:08  Drone  
  14  0:37  Hatchery  
  13  0:52  Spawning Pool  
  12  1:01  Drone  
  12  1:04  Extractor  
  12  1:07  Overlord  
  12  1:13  Drone  
  12  1:17  Drone  
  14  1:29  Drone  
  16  1:40  Zergling x2  
  16  1:45  Overlord  
  16  1:49  Drone  
  17  2:03  Zergling x2  
  17  2:06  Zergling x2  
  17  2:07  Metabolic Boost  
  19  2:12  Queen  
  21  2:17  Zergling x2  
  21  2:21  Zergling x2  
  23  2:32  Baneling Nest  
  23  2:34  Zergling x2  
  23  2:39  Zergling x2  
  23  2:44  Zergling x2  
  25  2:47  Zergling x2  
  26  2:53  Zergling x2  
  26  2:57  Zergling x2  
  28  3:01  Zergling x2  
  29  3:05  Zergling x2  
  30  3:16  Zergling x2  
  30  3:18  Overlord  
  31  3:23  Zergling x2  
  31  3:26  Baneling  
  32  3:28  Baneling  
  32  3:32  Zergling x2  
  33  3:35  Drone  
  33  3:57  Zergling x6  
  33  3:58  Zergling x4  
Tags
 
Add a new tag
Caveats
  • Supply blocks, unpowered buildings, or Contaminate may cause inaccurate times.
  • Supply counts are checked every 10 seconds.